AoeStats
← digitallimao

Arena

510169404Analyzed
2v2 RM · 17h ago on Sep 29, 2026· 24m 6s· 4 players
Game mode
Random Map
Map size
Medium (4 player)
Population
200
Speed
Normal
Resources
Standard
Victory
Conquest
Starting age
Dark Age
Ending age
Imperial Age
RankedLock teamsTeams togetherTeam positionsShared explorationLock speedFull tech treeHidden civsTurbo modeCheats
Victory
Defeat
🇧🇷 Malians · Brazil
1514
+13
🇧🇷 Turks · Brazil
1480
+14
🇦🇺 Varangians · Australia
1472
-14
🇫🇷 Byzantines · France
1423
-13
FLEJEUNE
10:37 Feudal Age
11:41 Double-Bit Axe
14:31 Castle Age
12:40 Double-Bit Axe
12:55 Horse Collar
17:53 Fletching
19:52 Loom
20:31 Padded Archer Armor
21:57 Bodkin Arrow
22:18 Leather Archer Armor
23:43 Wheelbarrow
Radon Randell
7:20 Loom
10:06 Feudal Age
14:02 Castle Age
12:16 Double-Bit Axe
12:32 Horse Collar
15:10 Bow Saw
17:42 Town Watch
22:42 Wheelbarrow
22:26 Scale Mail Armor
23:38 Fletching
23:52 Gold Mining
24:32 Scale Barding Armor
digitallimao
10:56 Feudal Age
14:30 Castle Age
12:24 Double-Bit Axe
13:05 Horse Collar
15:09 Light Cavalry
20:19 Wheelbarrow
20:12 Bow Saw
20:54 Scale Barding Armor
21:47 Husbandry
22:51 Bloodlines
23:29 Chain Barding Armor
rick rush
10:52 Feudal Age
15:24 Castle Age
14:10 Double-Bit Axe
15:14 Horse Collar
15:29 Gold Mining
18:28 Loom
21:05 Padded Archer Armor
24:03 Leather Archer Armor
Connection lost

Rejoining the realm…

Still unreachable

The connection could not be restored.

Session expired

The server has moved on; the page needs a fresh start.